 Dungeon Crawl Stone Soup version 0.23.2-33-g5129a83184 (webtiles) character file.

Game seed: 10045918370180739243

165 DorianNounverber the Magician (level 5, -2/28 HPs)
             Began as a Deep Elf Wizard on July 7, 2019.
             Slain by Grinder (8 damage)
             ... while paralysed by Grinder
             ... on level 3 of the Dungeon.
             The game lasted 00:10:09 (3287 turns).

DorianNounverber the Magician (Deep Elf Wizard)     Turns: 3287, Time: 00:10:10

Health: -2/28      AC:  2    Str:  4    XL:     5   Next: 22%
Magic:  5/16       EV:  2    Int: 26    God:
Gold:   127        SH:  0    Dex: 13    Spells: 16/17 levels left

rFire    . . .     SeeInvis .   (no weapon)
rCold    . . .     Gourm    .   o - +0 buckler
rNeg     . . .     Faith    .   h - +0 robe
rPois    .         Spirit   .   b - +0 hat
rElec    .         Reflect  .   (no cloak)
rCorr    .         Harm     .   (no gloves)
MR       .....                  (no boots)
Stlth    ++........             (no amulet)
HPRegen  0.09/turn              j - ring of wizardry
MPRegen  0.15/turn              t - +2 ring of intelligence

@: paralysed, very slightly contaminated
A: no striking features
a: no special abilities


You were on level 3 of the Dungeon.
You were not hungry.

You visited 1 branch of the dungeon, and saw 3 of its levels.

You collected 127 gold pieces.

Inventory:

Missiles
 e - 17 poisoned needles
 q - 3 javelins of penetration (quivered)
 r - 15 needles of sleeping
Armour
 a - a +0 robe
 b - a +0 hat (worn)
 h - a +0 robe (worn)
 o - a +0 buckler (worn)
Jewellery
 j - a ring of wizardry (left hand)
 t - a +2 ring of intelligence (right hand)
Scrolls
 c - a scroll of enchant weapon {unknown}
 i - 3 scrolls of identify {unknown}
 m - a scroll of remove curse {unknown}
 n - a scroll of immolation {unknown}
 p - 2 scrolls of teleportation {unknown}
Potions
 f - 4 potions of curing {unknown}
 g - a potion of agility {unknown}
 k - 2 potions of might {unknown}
 l - a potion of ambrosia {unknown}
Comestibles
 d - 3 rations


   Skills:
 + Level 2.6 Dodging
 + Level 2.9 Stealth
 * Level 6.8 Spellcasting
 * Level 3.2 Conjurations
   Level 1.1 Summonings
   Level 1.1 Translocations


You had 16 spell levels left.
You knew the following spells:

 Your Spells              Type           Power        Failure   Level  Hunger
a - Magic Dart            Conj           ####         1%          1    None

Your spell library contained the following spells:

 Spells                   Type           Power        Failure   Level  Hunger
 Blink                    Tloc           N/A          4%          2    None
 Call Imp                 Summ           ##......     4%          2    None
 Slow                     Hex            #.......     6%          2    None
 Conjure Flame            Conj/Fire      ###.....     6%          3    None
 Mephitic Cloud           Conj/Pois/Air  ##......     9%          3    None


Dungeon Overview and Level Annotations

Branches:
Dungeon (3/15)

Altars:

Annotations:
D:3 Grinder


Message History

Confirm with . or Enter, or press ? or * to list all spells.
Aiming: Magic Dart (safe; 1% risk of failure)
Press: ? - help, Shift-Dir - straight line, f/p - Grinder
Aim: Grinder (lightly wounded)
The magic dart hits Grinder.
Grinder is moderately wounded.
Grinder hits you!
You writhe in agony.
* * * LOW HITPOINT WARNING * * *
Casting: Magic Dart (safe; 1% risk of failure)
Confirm with . or Enter, or press ? or * to list all spells.
Aiming: Magic Dart (safe; 1% risk of failure)
Press: ? - help, Shift-Dir - straight line, f/p - Grinder
Aim: Grinder (moderately wounded)
The magic dart hits Grinder.
Grinder is moderately wounded.
Grinder gestures at you.
You suddenly lose the ability to move!
Grinder says, "There's only one good use for a tongue: cutting it out."
Grinder hits you!
You die...

#.# #.# #†#
#.# ..# ..#
.## ..#.##.
.############
........
(.....5@....#
....##.#
###########.#
#..## #.#
...# #####.#
...# #.....#
....
####.#####
..#.... ..#
#....#
..#....##.#
#.####
..#..#)##.#
#.#


You could see Grinder.

Vanquished Creatures
  An orc wizard (D:3)
  A gnoll (D:1)
  3 adders (D:3)
  4 worms (D:2)
  4 dart slugs
  2 leopard geckos
  2 orcs (D:3)
  4 bats
  7 giant cockroaches
  9 goblins
  13 hobgoblins
  6 jackals
  4 kobolds
  A quokka (D:2)
  2 ball pythons (D:3)
  A quokka zombie (D:3)
  8 rats
72 creatures vanquished.

Notes
Turn   | Place    | Note
-------+----------+-------------------------------------------
     0 | D:1      | DorianNounverber the Deep Elf Wizard began the quest for
                  | the Orb.
     0 | D:1      | Reached XP level 1. HP: 10/10 MP: 7/7
   189 | D:1      | Reached skill level 5 in Spellcasting
   206 | D:1      | Reached XP level 2. HP: 15/15 MP: 1/10
   679 | D:1      | Reached XP level 3. HP: 17/19 MP: 3/12
  1481 | D:2      | Reached skill level 6 in Spellcasting
  1813 | D:2      | Reached XP level 4. HP: 24/24 MP: 12/14
  2811 | D:3      | Reached XP level 5. HP: 28/28 MP: 3/16
  3233 | D:3      | Found a faded altar of an unknown god.
  3273 | D:3      | Noticed Grinder
  3286 | D:3      | Paralysed by Grinder for 3 turns
  3287 | D:3      | Slain by Grinder

Skill      XL: |  1  2  3  4 |
---------------+-------------+-----
Spellcasting   | 5 6 |  6.8
Conjurations   | 2 3 |  3.2
Dodging        | |  2.6
Stealth        | |  2.9
Summonings     | |  1.1
Translocations | |  1.1

Action                   |  1- 3 |  4- 6 || total
-------------------------+-------+-------++-------
 Cast: Magic Dart        |   114 |   106 ||   220
  Eat: Chunk             |     3 |     4 ||     7
Armor: Robe              |       |     2 ||     2
Dodge: Dodged            |    13 |     2 ||    15
Block: Buckler           |       |     1 ||     1
